Wranglers vs Barracuda
Created - April 29, 2025 at 19:21
Goals
|
| Wranglers |
3 |
1 |
1 |
5 |
| Barracuda |
1 |
2 |
0 |
3 |
|
Shots
|
| Wranglers |
11 |
8 |
4 |
23 |
| Barracuda |
8 |
11 |
1 |
20 |
|
1st period
1. Wranglers , Phillip Danault 19 (Trevor Carrick 14) at 2:53
2. Wranglers , Phillip Danault 20 (Ryan Donato 19) at 3:33
3. Wranglers , Chandler Stephenson 21 (Jesper Bratt 23) at 5:20
4. Barracuda , Kurtis Macdermid 52 (Theodor Blueger 47) at 7:30
Penalties :
Frank Corrado (Cal) for Interference (Minor) at 7:41, Jaedon Descheneau (S.J) for Holding Stick (Minor) at 13:17
2nd period
5. Barracuda , Kurtis Macdermid 53 (Jordan Gross 23, Jaedon Descheneau 9) at 0:36
6. Wranglers , Nico Sturm 38 (Erik Brannstrom 57, Peter Cehlarik 67) at 6:29
7. Barracuda , William Carrier 40 (Emil Pettersson 71) at 6:43 (PP)
Penalties :
Barclay Goodrow (Cal) for Tripping (Minor) at 6:42, William Carrier (S.J) for Interference (Minor) at 8:01, Jordan Gross (S.J) for Hooking (Minor) at 17:39
3rd period
8. Wranglers , Jesper Bratt 18 (Taylor Raddysh 10, Chandler Stephenson 30) at 2:30 (PP)
Penalties :
Kurtis Macdermid (S.J) for Tripping (Minor) at 0:38, Brett Kulak (S.J) for Kneeing (Minor) at 2:51, Dominik Masin (Cal) for Tripping (Minor) at 10:08
Goalie Stats
Joel Hofer (Cal), 17 saves from 20 shots - (0.850), W, 7-9-1, 60:00 minutes
Joni Ortio (S.J), 9 saves from 10 shots - (0.900), 33:31 minutes
Filip Larsson (S.J), 9 saves from 13 shots - (0.692), L, 0-2-0, 26:29 minutes
Players Stats for Wranglers
Player Name G A P +/- PIM S H SB GA TA FO MP PP MP PK MP
------------------------------------------------------------------------------------
0 0 0 0 0 0 0 0 0 0 0/0 0:00 0:00 0:00
0 0 0 0 0 0 0 0 0 0 0/0 0:00 0:00 0:00
0 0 0 0 0 0 0 0 0 0 0/0 0:00 0:00 0:00
0 0 0 0 0 0 0 0 0 0 0/0 0:00 0:00 0:00
0 0 0 0 0 0 0 0 0 0 0/0 0:00 0:00 0:00
0 0 0 0 0 0 0 0 0 0 0/0 0:00 0:00 0:00
Barclay Goodrow 0 0 0 1 2 3 1 0 0 0 1/2 21:01 5:23 2:03
Chandler Stephenson 1 1 2 0 0 2 2 1 1 0 5/15 16:52 4:18 0:03
Christian Jaros 0 0 0 1 0 0 0 1 0 0 0/0 14:37 0:46 2:01
Darren Raddysh 0 0 0 0 0 0 1 1 0 0 0/0 6:14 0:00 0:00
Dominik Masin 0 0 0 -1 2 0 2 3 0 1 0/0 27:05 5:19 1:14
Erik Brannstrom 0 1 1 2 0 2 1 0 0 0 0/0 19:33 4:07 1:36
Frank Corrado 0 0 0 -1 2 0 3 3 0 0 0/0 22:59 5:17 1:10
Jesper Bratt 1 1 2 0 0 3 1 0 0 1 0/0 18:14 4:18 0:54
Kaapo Kakko 0 0 0 1 0 0 0 0 0 0 0/0 12:49 0:07 0:00
Nico Sturm 1 0 1 1 0 2 1 1 0 2 10/23 21:09 5:30 0:54
Peter Cehlarik 0 1 1 1 0 2 3 1 1 0 4/6 24:11 5:23 2:08
Petteri Lindbohm 0 0 0 1 0 0 0 1 0 2 0/0 12:22 0:00 0:21
Phillip Danault 2 0 2 1 0 4 1 0 0 0 0/1 14:21 0:07 1:02
Ryan Donato 0 1 1 1 0 2 2 0 1 0 2/2 12:39 0:00 0:00
Tanner Jeannot 0 0 0 0 0 3 0 0 0 1 0/1 6:47 0:00 0:00
Taylor Raddysh 0 1 1 0 0 0 0 2 0 0 0/1 16:55 4:18 0:00
Trevor Carrick 0 1 1 2 0 0 0 0 1 2 0/0 18:58 4:07 1:36
Vitali Kravtsov 0 0 0 0 0 0 0 0 0 0 0/0 2:09 0:00 0:54
Vladislav Kamenev 0 0 0 0 0 0 0 1 0 0 0/1 7:03 0:00 0:00
Players Stats for Barracuda
Player Name G A P +/- PIM S H SB GA TA FO MP PP MP PK MP
------------------------------------------------------------------------------------
0 0 0 0 0 0 0 0 0 0 0/0 0:00 0:00 0:00
0 0 0 0 0 0 0 0 0 0 0/0 0:00 0:00 0:00
0 0 0 0 0 0 0 0 0 0 0/0 0:00 0:00 0:00
0 0 0 0 0 0 0 0 0 0 0/0 0:00 0:00 0:00
0 0 0 0 0 0 0 0 0 0 0/0 0:00 0:00 0:00
0 0 0 0 0 0 0 0 0 0 0/0 0:00 0:00 0:00
0 0 0 0 0 0 0 0 0 0 0/0 0:00 0:00 0:00
Alex Henriksson 0 0 0 -1 0 0 0 0 2 0 0/1 13:09 0:08 2:22
Alex Lintuniemi 0 0 0 1 0 0 1 0 0 1 0/0 13:53 0:00 0:54
Alexei Toropchenko 0 0 0 0 0 0 1 0 0 0 0/0 8:15 0:08 0:00
Beck Malenstyn 0 0 0 0 0 0 1 0 1 0 0/0 7:50 0:00 0:00
Brett Kulak 0 0 0 -2 2 1 4 2 0 1 0/0 26:00 2:02 5:22
Dennis Cholowski 0 0 0 1 0 0 3 0 0 0 0/0 14:58 0:00 1:41
Emil Pettersson 0 1 1 -2 0 3 3 0 2 0 14/21 20:34 2:11 2:56
Jaedon Descheneau 0 1 1 1 2 0 1 0 0 0 0/1 13:40 1:40 0:00
Jordan Gross 0 1 1 -1 2 0 3 0 0 0 0/0 19:10 1:57 2:40
Kurtis Macdermid 2 0 2 1 2 4 2 0 1 1 0/0 18:10 1:40 4:21
Kyle Platzer 0 0 0 0 0 0 1 0 1 0 2/5 11:53 0:00 3:53
Luke Martin 0 0 0 -1 0 0 0 1 1 0 0/0 19:22 1:57 2:40
Nikolai Kovalenko 0 0 0 -1 0 0 0 0 0 0 0/0 10:11 0:00 0:00
Robin Norell 0 0 0 -2 0 2 1 0 0 0 0/0 26:39 2:02 6:19
Theodor Blueger 0 1 1 1 0 5 2 0 0 0 9/14 15:56 1:40 1:54
Thomas Gobeil 0 0 0 -2 0 0 2 0 0 0 1/1 17:20 2:11 0:00
Trent Frederic 0 0 0 -1 0 3 1 1 0 1 0/1 11:13 0:08 0:00
William Carrier 1 0 1 -2 2 2 2 1 1 0 4/8 21:54 2:11 4:10
3 Stars
1 - Phillip Danault (Cal)
2 - Chandler Stephenson (Cal)
3 - Kurtis Macdermid (S.J)
Power Play
Wranglers - 1 on 5 Attempt(s) - 20.00%
Barracuda - 1 on 3 Attempt(s) - 33.33%
Penalty Kill
Wranglers - 2 on 3 Attempt(s) - 66.67%
- Score 0 goal in Penalty Kill
Barracuda - 4 on 5 Attempt(s) - 80.00%
- Score 0 goal in Penalty Kill
Team Stat
Wranglers - Hits : 18 - Faceoff Wins : 22 - Blocked Shots : 15 - Penalty Minutes : 6
Barracuda - Hits : 28 - Faceoff Wins : 30 - Blocked Shots : 5 - Penalty Minutes : 10
Official
Referees : Tom Chmielewski and TJ Luxmore
Linesman : Steve Miller and Trent Knorr
Game Notes
Joni Ortio enters game at 6:29 of 2nd period
Finance
Level 1 -- Attendance: 1759 (87.95%) -- Ticket Income $123,130
Level 2 -- Attendance: 1000 (100.00%) -- Ticket Income $40,000
Total Attendance: 2759 (91.97%)
Total Ticket Income: $163,130
Other Income: $8,156
Total Income: $171,286
Wranglers
5 vs 5 Forward
Center Left Wing Right Wing Time % Phy DF OF
1 Nico Sturm Peter Cehlarik Barclay Goodrow 40 1 2 2
2 Chandler Stephenson Jesper Bratt Taylor Raddysh 30 1 2 2
3 Ryan Donato Phillip Danault Kaapo Kakko 20 1 2 2
4 Vladislav Kamenev Tanner Jeannot Peter Cehlarik 10 1 2 2
5 vs 5 Defense
Defense Defense Time % Phy DF OF
1 Frank Corrado Dominik Masin 40 1 2 2
2 Erik Brannstrom Trevor Carrick 30 1 2 2
3 Christian Jaros Petteri Lindbohm 20 1 2 2
4 Darren Raddysh Dominik Masin 10 1 2 2
PowerPlay Forward
Center Left Wing Right Wing Time % Phy DF OF
1 Nico Sturm Peter Cehlarik Barclay Goodrow 60 1 2 2
2 Chandler Stephenson Jesper Bratt Taylor Raddysh 40 1 2 2
PowerPlay Defense
Defense Defense Time % Phy DF OF
1 Frank Corrado Dominik Masin 60 1 2 2
2 Erik Brannstrom Trevor Carrick 40 1 2 2
Penalty Kill 4 Players Forward
Center Wing Time % Phy DF OF
1 Peter Cehlarik Barclay Goodrow 60 1 2 2
2 Nico Sturm Jesper Bratt 40 1 2 2
Penalty Kill 4 Players Defense
Defense Defense Time % Phy DF OF
1 Frank Corrado Dominik Masin 60 1 2 2
2 Erik Brannstrom Trevor Carrick 40 1 2 2
Penalty Kill - 3 Players Forward
Forward Time % Phy DF OF
1 Peter Cehlarik 60 1 2 2
2 Barclay Goodrow 40 1 2 2
Penalty Kill - 3 Players Defense
Defense Defense Time % Phy DF OF
1 Frank Corrado Dominik Masin 60 1 2 2
2 Erik Brannstrom Trevor Carrick 40 1 2 2
4 vs 4 Forward
Center Wing Time % Phy DF OF
1 Peter Cehlarik Barclay Goodrow 60 1 2 2
2 Nico Sturm Jesper Bratt 40 1 2 2
4 vs 4 Defense
Defense Defense Time % Phy DF OF
1 Frank Corrado Dominik Masin 60 1 2 2
2 Erik Brannstrom Trevor Carrick 40 1 2 2
Last Minutes Offensive
Center Left Wing Right Wing Defense Defense
Nico Sturm Peter Cehlarik Barclay Goodrow Frank Corrado Dominik Masin
Last Minutes Defensive
Center Left Wing Right Wing Defense Defense
Nico Sturm Peter Cehlarik Barclay Goodrow Frank Corrado Dominik Masin
Goaltenders
Starting : Joel Hofer
Backup : Vitek Vanecek
Extra Forwards
Normal : Nico Sturm, Peter Cehlarik, Chandler Stephenson - PP : Phillip Danault, Barclay Goodrow - PK : Phillip Danault
Extra Defensemen
Normal : Frank Corrado, Erik Brannstrom, Petteri Lindbohm - PP : Dominik Masin - PK : Christian Jaros, Petteri Lindbohm
Penalty Shots
Peter Cehlarik, Barclay Goodrow, Nico Sturm, Jesper Bratt, Phillip Danault
Custom OT Lines Forwards
Peter Cehlarik, Barclay Goodrow, Nico Sturm, Jesper Bratt, Phillip Danault, Chandler Stephenson, Taylor Raddysh, Ryan Donato, Tanner Jeannot, Vladislav Kamenev
Custom OT Lines Defensemen
Frank Corrado, Dominik Masin, Erik Brannstrom, Trevor Carrick, Christian Jaros
Scratches
Brandon Hickey (Healthy), Filip Hallander (Healthy), Skyler Brind'Amour (Healthy), Tim Berni (Healthy), Ivan Chekhovich (Healthy)
Radim Zohorna (Healthy), Demetrios Koumontzis (Healthy), Zac Jones (Healthy), Yegor Zaitsev (Healthy), Lucas Feuk (Healthy)
Cole Schwindt (Healthy), Collin Delia (Healthy)
Barracuda
5 vs 5 Forward
Center Left Wing Right Wing Time % Phy DF OF
1 Emil Pettersson William Carrier Thomas Gobeil 40 1 2 2
2 Theodor Blueger Kurtis Macdermid Jaedon Descheneau 30 1 2 2
3 Trent Frederic Alex Henriksson Nikolai Kovalenko 20 1 2 2
4 Kyle Platzer Beck Malenstyn Alexei Toropchenko 10 1 3 1
5 vs 5 Defense
Defense Defense Time % Phy DF OF
1 Brett Kulak Robin Norell 40 1 2 2
2 Jordan Gross Luke Martin 30 1 3 1
3 Alex Lintuniemi Dennis Cholowski 20 1 2 2
4 Brett Kulak Robin Norell 10 1 3 1
PowerPlay Forward
Center Left Wing Right Wing Time % Phy DF OF
1 Emil Pettersson William Carrier Thomas Gobeil 60 1 1 3
2 Theodor Blueger Kurtis Macdermid Jaedon Descheneau 40 1 1 3
PowerPlay Defense
Defense Defense Time % Phy DF OF
1 Brett Kulak Robin Norell 60 1 2 2
2 Jordan Gross Luke Martin 40 1 2 2
Penalty Kill 4 Players Forward
Center Wing Time % Phy DF OF
1 William Carrier Kurtis Macdermid 60 1 4 0
2 Emil Pettersson Theodor Blueger 40 1 4 0
Penalty Kill 4 Players Defense
Defense Defense Time % Phy DF OF
1 Brett Kulak Robin Norell 60 1 4 0
2 Jordan Gross Luke Martin 40 1 4 0
Penalty Kill - 3 Players Forward
Forward Time % Phy DF OF
1 William Carrier 60 1 4 0
2 Kurtis Macdermid 40 1 4 0
Penalty Kill - 3 Players Defense
Defense Defense Time % Phy DF OF
1 Brett Kulak Robin Norell 60 1 4 0
2 Jordan Gross Luke Martin 40 1 4 0
4 vs 4 Forward
Center Wing Time % Phy DF OF
1 William Carrier Kurtis Macdermid 60 1 2 2
2 Emil Pettersson Theodor Blueger 40 1 2 2
4 vs 4 Defense
Defense Defense Time % Phy DF OF
1 Brett Kulak Robin Norell 60 1 2 2
2 Jordan Gross Luke Martin 40 1 2 2
Last Minutes Offensive
Center Left Wing Right Wing Defense Defense
Emil Pettersson William Carrier Thomas Gobeil Brett Kulak Robin Norell
Last Minutes Defensive
Center Left Wing Right Wing Defense Defense
Emil Pettersson William Carrier Thomas Gobeil Brett Kulak Robin Norell
Goaltenders
Starting : Filip Larsson
Backup : Joni Ortio
Extra Forwards
Normal : Trent Frederic, Alex Henriksson, Kyle Platzer - PP : Trent Frederic, Alex Henriksson - PK : Kyle Platzer
Extra Defensemen
Normal : Alex Lintuniemi, Dennis Cholowski, Jordan Gross - PP : Alex Lintuniemi - PK : Dennis Cholowski, Jordan Gross
Penalty Shots
William Carrier, Kurtis Macdermid, Emil Pettersson, Theodor Blueger, Trent Frederic
Custom OT Lines Forwards
William Carrier, Kurtis Macdermid, Emil Pettersson, Theodor Blueger, Trent Frederic, Alex Henriksson, Kyle Platzer, Thomas Gobeil, Jaedon Descheneau, Nikolai Kovalenko
Custom OT Lines Defensemen
Brett Kulak, Robin Norell, Jordan Gross, Luke Martin, Alex Lintuniemi
Scratches
Jacob Peterson (Healthy), Ryan Merkley (Healthy), Bode Wilde (Healthy), Adam Edstrom (Healthy), Adam Beckman (Healthy)
Angus Crookshank (Healthy), Kevin Mandolese (Healthy)
% Time on Ice - Wranglers
Lines # - Real PCT - Wanted PCT - Time Play
Normal Forward
1 - 30% - 40% - 13:40
2 - 32% - 30% - 14:40
3 - 24% - 20% - 11:06
4 - 15% - 10% - 6:47
Normal Defense
1 - 33% - 40% - 15:24
2 - 29% - 30% - 13:15
3 - 25% - 20% - 11:20
4 - 13% - 10% - 6:14
PP Forward
1 - 56% - 60% - 5:30
2 - 44% - 40% - 4:18
PP Defense
1 - 58% - 60% - 5:41
2 - 42% - 40% - 4:07
PK Forward
1 - 77% - 60% - 3:05
2 - 23% - 40% - 0:54
PK Defense
1 - 60% - 60% - 2:23
2 - 40% - 40% - 1:36
PK3 Forward
1 - 0% - 60%
2 - 0% - 40%
PK3 Defense
1 - 0% - 60%
2 - 0% - 40%
44 Forward
1 - 0% - 60%
2 - 0% - 40%
44 Defense
1 - 0% - 60%
2 - 0% - 40%
Last Minute Offensive - 0:00
Last Minute Defensive - 0:00
Total
Forward - 60:00
Defense - 60:00
|
% Time on Ice - Barracuda
Lines # - Real PCT - Wanted PCT - Time Play
Normal Forward
1 - 35% - 40% - 16:13
2 - 26% - 30% - 11:59
3 - 22% - 20% - 10:11
4 - 17% - 10% - 7:50
Normal Defense
1 - 40% - 40% - 18:31
2 - 32% - 30% - 14:50
3 - 27% - 20% - 12:20
4 - 1% - 10% - 0:32
PP Forward
1 - 58% - 60% - 2:19
2 - 42% - 40% - 1:40
PP Defense
1 - 51% - 60% - 2:02
2 - 49% - 40% - 1:57
PK Forward
1 - 81% - 60% - 7:57
2 - 19% - 40% - 1:51
PK Defense
1 - 73% - 60% - 7:08
2 - 27% - 40% - 2:40
PK3 Forward
1 - 0% - 60%
2 - 0% - 40%
PK3 Defense
1 - 0% - 60%
2 - 0% - 40%
44 Forward
1 - 0% - 60%
2 - 0% - 40%
44 Defense
1 - 0% - 60%
2 - 0% - 40%
Last Minute Offensive - 0:00
Last Minute Defensive - 0:00
Total
Forward - 60:00
Defense - 60:00
|
Play-by-Play
1st period
0:01 of 1st period - Thomas Gobeil wins face-off versus Nico Sturm in neutral zone.
0:20 of 1st period - Off-side.
0:21 of 1st period - Theodor Blueger wins face-off versus Chandler Stephenson in neutral zone.
0:28 of 1st period - Snap shot by Theodor Blueger.
0:28 of 1st period - Shot Misses the Net.
0:34 of 1st period - Wrist shot by Theodor Blueger.
0:34 of 1st period - Stopped by Joel Hofer with a rebound.
1:49 of 1st period - Wrist shot by Jesper Bratt.
1:49 of 1st period - Stopped by Filip Larsson with a rebound.
2:05 of 1st period - Ryan Donato is hit by Dennis Cholowski and loses puck.
2:42 of 1st period - Trent Frederic is hit by Chandler Stephenson and loses puck.
2:53 of 1st period - Snap shot by Phillip Danault.
2:53 of 1st period - Goal by Phillip Danault - Wranglers : 1 - Barracuda : 0.
2:54 of 1st period - Emil Pettersson wins face-off versus Nico Sturm in neutral zone.
3:20 of 1st period - Emil Pettersson is hit by Ryan Donato and loses puck.
3:29 of 1st period - Snap shot by Phillip Danault.
3:29 of 1st period - Shot Misses the Net.
3:31 of 1st period - Wrist shot by Phillip Danault.
3:31 of 1st period - Stopped by Filip Larsson with a rebound.
3:33 of 1st period - Snap shot by Phillip Danault.
3:33 of 1st period - Goal by Phillip Danault - Wranglers : 2 - Barracuda : 0.
3:34 of 1st period - Peter Cehlarik wins face-off versus Theodor Blueger in neutral zone.
3:41 of 1st period - Robin Norell is hit by Dominik Masin and loses puck.
3:50 of 1st period - Snap shot by Theodor Blueger.
3:50 of 1st period - Shot Blocked by Dominik Masin.
4:09 of 1st period - Wrist shot by Trent Frederic.
4:09 of 1st period - Shot Misses the Net.
4:25 of 1st period - Phillip Danault is hit by Jordan Gross and loses puck.
4:44 of 1st period - Slapshot by Tanner Jeannot.
4:44 of 1st period - Stopped by Filip Larsson without a rebound.
4:45 of 1st period - Theodor Blueger wins face-off versus Vladislav Kamenev in Barracuda zone.
5:08 of 1st period - Snap shot by Peter Cehlarik.
5:08 of 1st period - Shot Misses the Net.
5:12 of 1st period - Wrist shot by Peter Cehlarik.
5:12 of 1st period - Deflect By Vladislav Kamenev.
5:12 of 1st period - Shot Misses the Net.
5:12 of 1st period - Puck is out of play.
5:13 of 1st period - Emil Pettersson wins face-off versus Chandler Stephenson in Barracuda zone.
5:20 of 1st period - Slapshot by Chandler Stephenson.
5:20 of 1st period - Goal by Chandler Stephenson - Wranglers : 3 - Barracuda : 0.
5:21 of 1st period - Nico Sturm wins face-off versus Emil Pettersson in neutral zone.
5:24 of 1st period - Slapshot by Peter Cehlarik.
5:24 of 1st period - Shot Blocked by Brett Kulak.
5:32 of 1st period - Snap shot by William Carrier.
5:32 of 1st period - Deflect By Emil Pettersson.
5:32 of 1st period - Shot Misses the Net.
5:32 of 1st period - Puck is out of play.
5:33 of 1st period - Theodor Blueger wins face-off versus Nico Sturm in Wranglers zone.
5:58 of 1st period - Trevor Carrick is hit by Brett Kulak and loses puck.
6:45 of 1st period - Wrist shot by Brett Kulak.
6:45 of 1st period - Shot Blocked by Nico Sturm.
6:53 of 1st period - Wrist shot by Alex Henriksson.
6:53 of 1st period - Shot Blocked by Dominik Masin.
6:55 of 1st period - Slapshot by Nikolai Kovalenko.
6:55 of 1st period - Shot Blocked by Darren Raddysh.
6:57 of 1st period - Slapshot by Trent Frederic.
6:57 of 1st period - Stopped by Joel Hofer with a rebound.
6:59 of 1st period - Wrist shot by Trent Frederic.
6:59 of 1st period - Stopped by Joel Hofer without a rebound.
7:00 of 1st period - Chandler Stephenson wins face-off versus Emil Pettersson in Wranglers zone.
7:11 of 1st period - Wrist shot by William Carrier.
7:11 of 1st period - Shot Misses the Net.
7:13 of 1st period - Snap shot by Thomas Gobeil.
7:13 of 1st period - Shot Blocked by Christian Jaros.
7:15 of 1st period - Slapshot by Luke Martin.
7:15 of 1st period - Shot Blocked by Taylor Raddysh.
7:30 of 1st period - Snap shot by Kurtis Macdermid.
7:30 of 1st period - Goal by Kurtis Macdermid - Wranglers : 3 - Barracuda : 1.
7:31 of 1st period - Emil Pettersson wins face-off versus Chandler Stephenson in neutral zone.
7:34 of 1st period - Snap shot by Emil Pettersson.
7:34 of 1st period - Stopped by Joel Hofer without a rebound.
7:35 of 1st period - Emil Pettersson wins face-off versus Chandler Stephenson in Wranglers zone.
7:41 of 1st period - Minor Penalty to Frank Corrado for Interference.
7:42 of 1st period - Emil Pettersson wins face-off versus Peter Cehlarik in Wranglers zone.
7:51 of 1st period - Snap shot by Thomas Gobeil.
7:51 of 1st period - Shot Misses the Net.
7:53 of 1st period - Slapshot by Robin Norell.
7:53 of 1st period - Stopped by Joel Hofer without a rebound.
7:54 of 1st period - Peter Cehlarik wins face-off versus Emil Pettersson in Wranglers zone.
9:41 of 1st period - Penalty to Frank Corrado is over, Frank Corrado is back on ice.
10:08 of 1st period - Alexei Toropchenko is hit by Frank Corrado.
10:12 of 1st period - Snap shot by Kyle Platzer.
10:12 of 1st period - Shot Blocked by Petteri Lindbohm.
10:20 of 1st period - Slapshot by Nico Sturm.
10:20 of 1st period - Stopped by Filip Larsson without a rebound.
10:21 of 1st period - Ryan Donato wins face-off versus Alex Henriksson in Barracuda zone.
10:22 of 1st period - Slapshot by Erik Brannstrom.
10:22 of 1st period - Shot Blocked by Trent Frederic.
10:55 of 1st period - Snap shot by Theodor Blueger.
10:55 of 1st period - Shot Blocked by Vladislav Kamenev.
11:05 of 1st period - Wrist shot by William Carrier.
11:05 of 1st period - Shot Misses the Net.
11:56 of 1st period - Frank Corrado is hit by William Carrier and loses puck.
13:07 of 1st period - Wrist shot by Ryan Donato.
13:07 of 1st period - Shot Misses the Net.
13:13 of 1st period - Snap shot by Ryan Donato.
13:13 of 1st period - Stopped by Filip Larsson without a rebound.
13:14 of 1st period - Theodor Blueger wins face-off versus Nico Sturm in Barracuda zone.
13:14 of 1st period - Theodor Blueger is hit by Nico Sturm.
13:17 of 1st period - Minor Penalty to Jaedon Descheneau for Holding Stick.
13:18 of 1st period - Nico Sturm wins face-off versus Kyle Platzer in Barracuda zone.
13:34 of 1st period - Snap shot by Peter Cehlarik.
13:34 of 1st period - Stopped by Filip Larsson with a rebound.
14:03 of 1st period - Alex Henriksson is hit by Peter Cehlarik and loses puck.
15:17 of 1st period - Penalty to Jaedon Descheneau is over, Jaedon Descheneau is back on ice.
16:32 of 1st period - Icing by Dominik Masin.
16:33 of 1st period - Chandler Stephenson wins face-off versus Kyle Platzer in Wranglers zone.
17:36 of 1st period - Snap shot by Theodor Blueger.
17:36 of 1st period - Stopped by Joel Hofer without a rebound.
17:37 of 1st period - Theodor Blueger wins face-off versus Barclay Goodrow in Wranglers zone.
18:02 of 1st period - Thomas Gobeil is hit by Jesper Bratt and loses puck.
18:43 of 1st period - Slapshot by Erik Brannstrom.
18:43 of 1st period - Stopped by Filip Larsson with a rebound.
18:45 of 1st period - Slapshot by Barclay Goodrow.
18:45 of 1st period - Deflect By Kyle Platzer.
18:45 of 1st period - Shot Misses the Net.
18:45 of 1st period - Puck is out of play.
18:46 of 1st period - Theodor Blueger wins face-off versus Nico Sturm in Barracuda zone.
18:48 of 1st period - Icing by Kurtis Macdermid.
18:49 of 1st period - Nico Sturm wins face-off versus Jaedon Descheneau in Barracuda zone.
18:50 of 1st period - Backhand shot by Peter Cehlarik.
18:50 of 1st period - Stopped by Filip Larsson without a rebound.
18:51 of 1st period - Theodor Blueger wins face-off versus Nico Sturm in Barracuda zone.
19:00 of 1st period - Slapshot by Robin Norell.
19:00 of 1st period - Shot Blocked by Frank Corrado.
19:02 of 1st period - Slapshot by Brett Kulak.
19:02 of 1st period - Shot Misses the Net.
19:04 of 1st period - Snap shot by Kurtis Macdermid.
19:04 of 1st period - Shot Blocked by Dominik Masin.
19:06 of 1st period - Slapshot by Brett Kulak.
19:06 of 1st period - Deflect By Dominik Masin.
19:06 of 1st period - Stopped by Joel Hofer with a rebound.
19:18 of 1st period - Snap shot by William Carrier.
19:18 of 1st period - Shot Misses the Net.
19:20 of 1st period - Slapshot by Thomas Gobeil.
19:20 of 1st period - Deflect By Emil Pettersson.
19:20 of 1st period - Shot Blocked by Chandler Stephenson.
19:20 of 1st period - Puck is out of play.
19:21 of 1st period - Emil Pettersson wins face-off versus Chandler Stephenson in Wranglers zone.
19:46 of 1st period - Luke Martin is hit by Peter Cehlarik and loses puck.
Goals for this period are 3 for Wranglers vs 1 for Barracuda.
Shots for this period are 11 for Wranglers vs 8 for Barracuda.
2nd period
0:01 of 2nd period - Emil Pettersson wins face-off versus Nico Sturm in neutral zone.
0:06 of 2nd period - Wrist shot by William Carrier.
0:06 of 2nd period - Shot Misses the Net.
0:08 of 2nd period - Snap shot by Emil Pettersson.
0:08 of 2nd period - Stopped by Joel Hofer with a rebound.
0:10 of 2nd period - Slapshot by Robin Norell.
0:10 of 2nd period - Deflect By Barclay Goodrow.
0:10 of 2nd period - Stopped by Joel Hofer with a rebound.
0:26 of 2nd period - Taylor Raddysh is hit by Theodor Blueger.
0:30 of 2nd period - Snap shot by Kurtis Macdermid.
0:30 of 2nd period - Stopped by Joel Hofer with a rebound.
0:32 of 2nd period - Wrist shot by Jaedon Descheneau.
0:32 of 2nd period - Shot Misses the Net.
0:34 of 2nd period - Slapshot by Jordan Gross.
0:34 of 2nd period - Shot Blocked by Frank Corrado.
0:36 of 2nd period - Snap shot by Kurtis Macdermid.
0:36 of 2nd period - Goal by Kurtis Macdermid - Wranglers : 3 - Barracuda : 2.
0:37 of 2nd period - Emil Pettersson wins face-off versus Peter Cehlarik in neutral zone.
1:03 of 2nd period - Taylor Raddysh is hit by Jaedon Descheneau and loses puck.
2:37 of 2nd period - Snap shot by Theodor Blueger.
2:37 of 2nd period - Stopped by Joel Hofer with a rebound.
2:46 of 2nd period - Icing by Kurtis Macdermid.
2:47 of 2nd period - Theodor Blueger wins face-off versus Chandler Stephenson in Barracuda zone.
3:10 of 2nd period - Icing by Robin Norell.
3:11 of 2nd period - William Carrier wins face-off versus Nico Sturm in Barracuda zone.
3:38 of 2nd period - Snap shot by Trent Frederic.
3:38 of 2nd period - Stopped by Joel Hofer with a rebound.
4:01 of 2nd period - Backhand shot by Phillip Danault.
4:01 of 2nd period - Shot Misses the Net.
4:03 of 2nd period - Slapshot by Phillip Danault.
4:03 of 2nd period - Stopped by Filip Larsson with a rebound.
4:05 of 2nd period - Snap shot by Ryan Donato.
4:05 of 2nd period - Shot Blocked by Luke Martin.
4:21 of 2nd period - Snap shot by Nico Sturm.
4:21 of 2nd period - Shot Misses the Net.
4:29 of 2nd period - Peter Cehlarik is hit by Emil Pettersson and loses puck.
4:46 of 2nd period - Frank Corrado is hit by Theodor Blueger and loses puck.
5:38 of 2nd period - Peter Cehlarik is hit by Alexei Toropchenko and loses puck.
5:49 of 2nd period - Wrist shot by Theodor Blueger.
5:49 of 2nd period - Stopped by Joel Hofer with a rebound.
5:51 of 2nd period - Snap shot by Theodor Blueger.
5:51 of 2nd period - Stopped by Joel Hofer without a rebound.
5:52 of 2nd period - Theodor Blueger wins face-off versus Taylor Raddysh in Wranglers zone.
5:57 of 2nd period - Snap shot by Kurtis Macdermid.
5:57 of 2nd period - Stopped by Joel Hofer without a rebound.
5:58 of 2nd period - Emil Pettersson wins face-off versus Chandler Stephenson in Wranglers zone.
6:29 of 2nd period - Snap shot by Nico Sturm.
6:29 of 2nd period - Goal by Nico Sturm - Wranglers : 4 - Barracuda : 2.
6:29 of 2nd period - Joni Ortio enters game.
6:30 of 2nd period - Nico Sturm wins face-off versus Emil Pettersson in neutral zone.
6:42 of 2nd period - Minor Penalty to Barclay Goodrow for Tripping.
6:43 of 2nd period - Emil Pettersson wins face-off versus Phillip Danault in Wranglers zone.
6:43 of 2nd period - Wrist shot by William Carrier.
6:43 of 2nd period - Goal by William Carrier - Wranglers : 4 - Barracuda : 3.
6:44 of 2nd period - Nico Sturm wins face-off versus Theodor Blueger in neutral zone.
6:46 of 2nd period - Dominik Masin is hit by Robin Norell and loses puck.
7:34 of 2nd period - Snap shot by Ryan Donato.
7:34 of 2nd period - Stopped by Joni Ortio with a rebound.
7:54 of 2nd period - Slapshot by Tanner Jeannot.
7:54 of 2nd period - Stopped by Joni Ortio without a rebound.
7:55 of 2nd period - Chandler Stephenson wins face-off versus Emil Pettersson in Barracuda zone.
7:58 of 2nd period - Snap shot by Erik Brannstrom.
7:58 of 2nd period - Stopped by Joni Ortio without a rebound.
7:59 of 2nd period - Emil Pettersson wins face-off versus Chandler Stephenson in Barracuda zone.
8:01 of 2nd period - Minor Penalty to William Carrier for Interference.
8:02 of 2nd period - Barclay Goodrow wins face-off versus Kyle Platzer in Barracuda zone.
8:10 of 2nd period - Snap shot by Peter Cehlarik.
8:10 of 2nd period - Shot Misses the Net.
8:12 of 2nd period - Slapshot by Dominik Masin.
8:12 of 2nd period - Deflect By Barclay Goodrow.
8:12 of 2nd period - Stopped by Joni Ortio without a rebound.
8:13 of 2nd period - Kyle Platzer wins face-off versus Nico Sturm in Barracuda zone.
8:22 of 2nd period - Robin Norell is hit by Peter Cehlarik and loses puck.
10:01 of 2nd period - Penalty to William Carrier is over, William Carrier is back on ice.
10:18 of 2nd period - Kurtis Macdermid is hit by Ryan Donato and loses puck.
11:33 of 2nd period - Trent Frederic is hit by Dominik Masin and loses puck.
12:12 of 2nd period - Luke Martin is hit by Chandler Stephenson and loses puck.
14:28 of 2nd period - Theodor Blueger is hit by Phillip Danault and loses puck.
15:16 of 2nd period - Peter Cehlarik is hit by Dennis Cholowski and loses puck.
15:27 of 2nd period - Snap shot by Jesper Bratt.
15:27 of 2nd period - Stopped by Joni Ortio with a rebound.
15:42 of 2nd period - Ryan Donato is hit by Brett Kulak and loses puck.
16:27 of 2nd period - Chandler Stephenson is hit by Dennis Cholowski and loses puck.
16:49 of 2nd period - Off-side.
16:50 of 2nd period - Ryan Donato wins face-off versus Trent Frederic in neutral zone.
16:57 of 2nd period - Slapshot by Phillip Danault.
16:57 of 2nd period - Shot Misses the Net.
17:19 of 2nd period - Icing by Barclay Goodrow.
17:20 of 2nd period - Nico Sturm wins face-off versus Theodor Blueger in Wranglers zone.
17:39 of 2nd period - Minor Penalty to Jordan Gross for Hooking.
17:40 of 2nd period - William Carrier wins face-off versus Nico Sturm in Barracuda zone.
17:40 of 2nd period - William Carrier is hit by Barclay Goodrow.
17:55 of 2nd period - Wrist shot by William Carrier.
17:55 of 2nd period - Stopped by Joel Hofer without a rebound.
17:56 of 2nd period - Nico Sturm wins face-off versus William Carrier in Wranglers zone.
18:03 of 2nd period - Snap shot by Barclay Goodrow.
18:03 of 2nd period - Stopped by Joni Ortio without a rebound.
18:04 of 2nd period - Nico Sturm wins face-off versus William Carrier in Barracuda zone.
18:11 of 2nd period - Backhand shot by Robin Norell.
18:11 of 2nd period - Shot Misses the Net.
18:20 of 2nd period - Off-side.
18:21 of 2nd period - Peter Cehlarik wins face-off versus William Carrier in neutral zone.
19:39 of 2nd period - Penalty to Jordan Gross is over, Jordan Gross is back on ice.
Goals for this period are 1 for Wranglers vs 2 for Barracuda.
Shots for this period are 8 for Wranglers vs 11 for Barracuda.
3rd period
0:01 of 3rd period - Emil Pettersson wins face-off versus Nico Sturm in neutral zone.
0:38 of 3rd period - Minor Penalty to Kurtis Macdermid for Tripping.
0:39 of 3rd period - William Carrier wins face-off versus Nico Sturm in Barracuda zone.
0:47 of 3rd period - Snap shot by Kyle Platzer.
0:47 of 3rd period - Shot Blocked by Peter Cehlarik.
1:18 of 3rd period - Icing by Chandler Stephenson.
1:19 of 3rd period - Chandler Stephenson wins face-off versus Emil Pettersson in Wranglers zone.
2:00 of 3rd period - Slapshot by Theodor Blueger.
2:00 of 3rd period - Deflect By Emil Pettersson.
2:00 of 3rd period - Stopped by Joel Hofer without a rebound.
2:01 of 3rd period - William Carrier wins face-off versus Chandler Stephenson in Wranglers zone.
2:10 of 3rd period - Off-side.
2:11 of 3rd period - Kyle Platzer wins face-off versus Chandler Stephenson in neutral zone.
2:26 of 3rd period - Wrist shot by Chandler Stephenson.
2:26 of 3rd period - Stopped by Joni Ortio with a rebound.
2:30 of 3rd period - Snap shot by Jesper Bratt.
2:30 of 3rd period - Goal by Jesper Bratt - Wranglers : 5 - Barracuda : 3.
2:31 of 3rd period - Emil Pettersson wins face-off versus Nico Sturm in neutral zone.
2:35 of 3rd period - Robin Norell is hit by Frank Corrado and loses puck.
2:46 of 3rd period - Wrist shot by Barclay Goodrow.
2:46 of 3rd period - Stopped by Joni Ortio without a rebound.
2:47 of 3rd period - Chandler Stephenson wins face-off versus Theodor Blueger in Barracuda zone.
2:51 of 3rd period - Minor Penalty to Brett Kulak for Kneeing.
2:52 of 3rd period - Nico Sturm wins face-off versus William Carrier in Barracuda zone.
2:54 of 3rd period - Wrist shot by Nico Sturm.
2:54 of 3rd period - Shot Misses the Net.
2:56 of 3rd period - Slapshot by Frank Corrado.
2:56 of 3rd period - Shot Misses the Net.
2:58 of 3rd period - Slapshot by Dominik Masin.
2:58 of 3rd period - Shot Blocked by William Carrier.
4:20 of 3rd period - Wrist shot by Alex Henriksson.
4:20 of 3rd period - Shot Blocked by Frank Corrado.
4:51 of 3rd period - Penalty to Brett Kulak is over, Brett Kulak is back on ice.
5:04 of 3rd period - Phillip Danault is hit by Brett Kulak and loses puck.
5:47 of 3rd period - Wrist shot by Kurtis Macdermid.
5:47 of 3rd period - Shot Misses the Net.
6:16 of 3rd period - Snap shot by Emil Pettersson.
6:16 of 3rd period - Shot Hit the Post.
7:24 of 3rd period - Christian Jaros is hit by Kyle Platzer and loses puck.
8:03 of 3rd period - Wrist shot by Theodor Blueger.
8:03 of 3rd period - Shot Misses the Net.
8:44 of 3rd period - Wrist shot by Tanner Jeannot.
8:44 of 3rd period - Stopped by Joni Ortio without a rebound.
8:45 of 3rd period - Emil Pettersson wins face-off versus Tanner Jeannot in Barracuda zone.
9:00 of 3rd period - Slapshot by Erik Brannstrom.
9:00 of 3rd period - Shot Blocked by Brett Kulak.
9:14 of 3rd period - Snap shot by Robin Norell.
9:14 of 3rd period - Shot Misses the Net.
9:20 of 3rd period - Snap shot by Emil Pettersson.
9:20 of 3rd period - Shot Blocked by Taylor Raddysh.
9:39 of 3rd period - Icing by Brett Kulak.
9:40 of 3rd period - Nico Sturm wins face-off versus Theodor Blueger in Barracuda zone.
10:08 of 3rd period - Minor Penalty to Dominik Masin for Tripping.
10:09 of 3rd period - Peter Cehlarik wins face-off versus Emil Pettersson in Wranglers zone.
10:09 of 3rd period - Peter Cehlarik is hit by Emil Pettersson.
11:01 of 3rd period - Jaedon Descheneau is hit by Erik Brannstrom and loses puck.
11:14 of 3rd period - Thomas Gobeil is hit by Frank Corrado and loses puck.
12:08 of 3rd period - Penalty to Dominik Masin is over, Dominik Masin is back on ice.
13:15 of 3rd period - Taylor Raddysh is hit by Kurtis Macdermid and loses puck.
13:55 of 3rd period - Vladislav Kamenev is hit by Kurtis Macdermid and loses puck.
14:58 of 3rd period - Darren Raddysh is hit by Brett Kulak and loses puck.
15:27 of 3rd period - Peter Cehlarik is hit by William Carrier.
16:06 of 3rd period - Jesper Bratt is hit by Jordan Gross.
16:23 of 3rd period - Trevor Carrick is hit by Thomas Gobeil and loses puck.
16:51 of 3rd period - Kaapo Kakko is hit by Beck Malenstyn and loses puck.
17:10 of 3rd period - Dominik Masin is hit by Thomas Gobeil.
17:31 of 3rd period - Christian Jaros is hit by Jordan Gross and loses puck.
18:27 of 3rd period - Erik Brannstrom is hit by Alex Lintuniemi and loses puck.
18:55 of 3rd period - Phillip Danault is hit by Emil Pettersson.
19:11 of 3rd period - Emil Pettersson is hit by Darren Raddysh and loses puck.
19:26 of 3rd period - Trevor Carrick is hit by Trent Frederic and loses puck.
Goals for this period are 1 for Wranglers vs 0 for Barracuda.
Shots for this period are 4 for Wranglers vs 1 for Barracuda.